 Dungeon Crawl Stone Soup version 0.28.0-47-ge53b351184 (webtiles) character file.

Game seed: 9130424260552992934

1605 101zpm the Poker (level 8, 0/67 HPs)
             Began as a Gnoll Cinder Acolyte on Apr 29, 2022.
             Was a High Priest of Ignis.
             Killed from afar by an electric eel (8 damage)
             ... with a bolt of electricity
             ... on level 6 of the Dungeon.
             The game lasted 00:13:57 (7115 turns).

101zpm the Poker (Gnoll Cinder Acolyte)             Turns: 7115, Time: 00:13:57

Health: 0/67       AC:  5    Str: 14    XL:     8   Next: 94%
Magic:  1/15       EV: 12    Int: 16    God:    Ignis [*****.]
Gold:   246        SH:  0    Dex:  7    Spells: 11/16 levels left

rFire   + . .      SeeInvis .   e - +0 spear (vamp)
rCold   . . .      Faith    .   (no shield)
rNeg    + . .      Spirit   .   b - +0 robe
rPois   .          Reflect  .   (no helmet)
rElec   .          Harm     .   (no cloak)
rCorr   .          Rampage  .   (no gloves)
Will    .....                   o - +2 pair of boots
Stlth   ++........              (no amulet)
HPRegen 0.21/turn               m - ring of positive energy
MPRegen 0.14/turn               n - ring of flight

@: flying, very slightly contaminated
A: fangs 1, strong nose, distributed training
a: Renounce Religion, Fiery Armour, Foxfire Swarm, Rising Flame


You were on level 6 of the Dungeon.
You worshipped Ignis.
Ignis was extremely pleased with you.
You visited 1 branch of the dungeon, and saw 6 of its levels.

You collected 246 gold pieces.

Inventory:

Hand Weapons
 a - a -1 spear of flaming
 e - a +0 vampiric spear (weapon)
 v - the +9 hunting sling "Wino" {venom, rF+ rC- rCorr Dex+2}
   (You found it on level 4 of the Dungeon)

   Any ammunition fired from it poisons the flesh of those it strikes.
   Dex:       It affects your dexterity (+2).
   rF:        It protects you from fire.
   rC:        It makes you vulnerable to cold.
   rCorr:     It protects you from acid and corrosion.
 x - a +2 short sword of venom
Armour
 b - a +0 robe (worn)
 o - a +2 pair of boots (worn)
Jewellery
 m - a ring of positive energy (left hand)
 n - a ring of flight (right hand)
 p - an amulet of reflection
Scrolls
 c - 4 scrolls of identify {unknown}
 d - a scroll of immolation {unknown}
 f - 4 scrolls of enchant armour {unknown}
 h - 3 scrolls of brand weapon {unknown}
 k - a scroll of teleportation {unknown}
 l - a scroll of noise {unknown}
 q - 2 scrolls of magic mapping {unknown}
 r - a scroll of vulnerability {unknown}
 s - a scroll of fear {unknown}
 t - a scroll of summoning {unknown}
 w - a scroll of blinking {unknown}
 y - a scroll of fog {unknown}
Potions
 g - a potion of haste {unknown}
 i - 2 potions of might {unknown}
 j - a potion of magic {unknown}
 u - 3 potions of heal wounds {unknown}


   Skills:
 + Level 7.6 Fighting
 + Level 3.7 Short Blades
 + Level 3.7 Long Blades
 + Level 3.7 Axes
 + Level 3.7 Maces & Flails
 + Level 7.6 Polearms
 + Level 3.7 Staves
 + Level 3.7 Slings
 + Level 3.7 Bows
 + Level 3.7 Crossbows
 + Level 3.7 Throwing
 + Level 3.7 Armour
 + Level 3.7 Dodging
 + Level 3.7 Stealth
 + Level 3.7 Shields
 + Level 3.7 Unarmed Combat
 + Level 4.7 Spellcasting
 + Level 3.0 Conjurations
 + Level 3.0 Hexes
 + Level 3.0 Summonings
 + Level 3.0 Necromancy
 + Level 3.0 Translocations
 + Level 3.0 Transmutations
 + Level 6.3 Fire Magic
 + Level 3.0 Ice Magic
 + Level 3.0 Air Magic
 + Level 3.0 Earth Magic
 + Level 3.0 Poison Magic
 + Level 4.1 Invocations
 + Level 3.7 Evocations


You had 11 spell levels left.
You knew the following spells:

 Your Spells              Type           Power      Damage    Failure   Level
a - Scorch                Fire           48%        2d7       1%          2
b - Call Canine Familiar  Summ           13%        N/A       13%         3

Your spell library contained the following spells:

 Spells                   Type           Power      Damage    Failure   Level
 Dazzling Flash           Conj/Hex       26%        N/A       13%         3
 Portal Projectile        Hex/Tloc       26%        N/A       13%         3
 Leda's Liquefaction      Hex/Erth       6%         N/A       41%         4
 Agony                    Necr           13%        N/A       77%         5
 Silence                  Hex/Air        6%         N/A       77%         5


Dungeon Overview and Level Annotations

Branches:
Dungeon (6/15)
 Temple: D:4-7

Altars:

Annotations:
D:3 1 runed translucent door, lawnmower's ghost, amateur DsAK


Innate Abilities, Weirdness & Mutations

You have very sharp teeth.
Your uncanny sense of smell can sniff out nearby items.
Your experience applies equally to all skills.


Message History

You don't have enough magic to cast this spell.
You don't have enough magic to cast this spell.
The wyvern zombie is engulfed in a cloud of scalding steam.
The wyvern zombie bites you.
The wyvern zombie is no longer more vulnerable to fire.
The wyvern zombie bites you but does no damage.
You see here a ring of see invisible.
You hit the wyvern zombie.
You bite the wyvern zombie, but do no damage.
The wyvern zombie is moderately damaged.
The wyvern zombie bites you!
* * * LOW HITPOINT WARNING * * *
You barely miss the wyvern zombie.
The wyvern zombie is moderately damaged.
The wyvern zombie bites you but does no damage.
You hit the wyvern zombie.
The wyvern zombie is moderately damaged.
The wyvern zombie bites you!
* * * LOW HITPOINT WARNING * * *
You hit the wyvern zombie but do no damage.
The wyvern zombie is moderately damaged.
The wyvern zombie misses you.
You hit the wyvern zombie.
The wyvern zombie is heavily damaged.
The wyvern zombie bites you!
* * * LOW HITPOINT WARNING * * *
Casting: Scorch (safe; 1% risk of failure)
Confirm with . or Enter, or press ? or * to list all spells.
You don't have enough magic to cast this spell.
The wyvern zombie closely misses you. The wyvern zombie barely misses you.
The wyvern zombie barely misses you.
Casting: Scorch (safe; 1% risk of failure)
Confirm with . or Enter, or press ? or * to list all spells.
You miscast Call Canine Familiar.
You are very lightly contaminated with residual magic.
Nothing appears to happen.
The wyvern zombie barely misses you. x2
The electric eel shoots out a bolt of lightning at you!
The bolt of electricity hits you!
You die...

#### #####....
###..P..PP..
#..♣≈≈.≈≈≈≈P.
#..≈≈.≈≈≈♣....#
##P≈Z@≈≈≈≈≈≈≈P.#
#..≈≈PS≈≈≈.≈≈P.###
#.P≈≈≈≈≈.≈≈≈♣....#
#..P≈≈P≈≈≈≈≈..?..#
#..#.#.P..♣......#.
#.########.........
#.# #......... #.#
#.......# #.#
#.......#


You could see an electric eel and a wyvern zombie.

Vanquished Creatures
  2 water moccasins
  A sky beast (D:6)
  A necrophage (D:4)
  An ogre (D:5)
  A black bear (D:4)
  An orc warrior (D:6)
  A phantom (D:4)
  A bullfrog (D:6)
  3 scorpions
  A water moccasin skeleton (D:6)
  A killer bee (D:6)
  A howler monkey (D:6)
  2 bullfrog zombies
  A hound (D:6)
  2 jellies
  Jessica (D:2)
  2 orc wizards (D:4)
  A killer bee zombie (D:6)
  4 gnolls (D:5)
  A howler monkey zombie (D:5)
  5 adders
  An ufetubus (D:5)
  A worm (D:2)
  4 dart slugs
  9 orcs
  6 ball pythons
  4 endoplasms
  2 giant cockroaches (D:1)
  11 goblins
  13 hobgoblins
  4 jackals (D:1)
  4 quokkas
  7 bats
  3 frilled lizards
  7 kobolds
  9 rats
  A spectral goblin (D:1)
120 creatures vanquished.

Vanquished Creatures (collateral kills)
  An iguana (D:6)
1 creature vanquished.

Grand Total: 121 creatures vanquished

Notes
Turn   | Place    | Note
-------+----------+-------------------------------------------
     0 | D:1      | 101zpm the Gnoll Cinder Acolyte began the quest for the
                  | Orb.
     0 | D:1      | Reached XP level 1. HP: 23/23 MP: 4/4
   233 | D:1      | Reached XP level 2. HP: 29/29 MP: 5/5
   592 | D:1      | Found a faded altar of an unknown god.
   636 | D:1      | Reached XP level 3. HP: 34/34 MP: 7/7
   836 | D:1      | Reached skill level 1 in Invocations
   978 | D:1      | Learned a level 2 spell: Scorch
  1013 | D:2      | Noticed Jessica
  1017 | D:2      | Killed Jessica
  1018 | D:2      | Reached skill level 1 in Short Blades
  1018 | D:2      | Reached skill level 1 in Long Blades
  1018 | D:2      | Reached skill level 1 in Axes
  1018 | D:2      | Reached skill level 1 in Maces & Flails
  1018 | D:2      | Reached skill level 1 in Staves
  1018 | D:2      | Reached skill level 1 in Slings
  1018 | D:2      | Reached skill level 1 in Bows
  1018 | D:2      | Reached skill level 1 in Crossbows
  1018 | D:2      | Reached skill level 1 in Throwing
  1018 | D:2      | Reached skill level 1 in Armour
  1018 | D:2      | Reached skill level 1 in Dodging
  1018 | D:2      | Reached skill level 1 in Stealth
  1018 | D:2      | Reached skill level 1 in Shields
  1018 | D:2      | Reached skill level 1 in Unarmed Combat
  1018 | D:2      | Reached skill level 1 in Evocations
  1018 | D:2      | Reached XP level 4. HP: 39/41 MP: 3/8
  1682 | D:2      | Reached skill level 1 in Conjurations
  1682 | D:2      | Reached skill level 1 in Hexes
  1682 | D:2      | Reached skill level 1 in Summonings
  1682 | D:2      | Reached skill level 1 in Necromancy
  1682 | D:2      | Reached skill level 1 in Translocations
  1682 | D:2      | Reached skill level 1 in Transmutations
  1682 | D:2      | Reached skill level 1 in Ice Magic
  1682 | D:2      | Reached skill level 1 in Air Magic
  1682 | D:2      | Reached skill level 1 in Earth Magic
  1682 | D:2      | Reached skill level 1 in Poison Magic
  1880 | D:3      | Found a runed translucent door.
  1881 | D:3      | Noticed lawnmower's ghost (amateur DsAK)
  2546 | D:3      | Reached XP level 5. HP: 47/47 MP: 9/9
  2949 | D:4      | Noticed an ogre
  3642 | D:4      | Reached XP level 6. HP: 53/53 MP: 1/11
  4096 | D:4      | Noticed a black bear
  4108 | D:5      | Entered Level 5 of the Dungeon
  4732 | D:5      | Reached XP level 7. HP: 33/59 MP: 1/12
  6062 | D:4      | Reached XP level 8. HP: 58/67 MP: 5/14
  6125 | D:4      | Identified the +9 hunting sling "Wino" {venom, rF+ rC-
                  | rCorr Dex+2}
  6513 | D:6      | Noticed a cyclops
  6773 | D:5      | Learned a level 3 spell: Call Canine Familiar
  7115 | D:6      | Killed from afar by an electric eel

Illustrated notes

Levels and vault maps discovered:
D:1:      ebering_trefoil_3fold, layout_basic,
          dreamdust_ecumenical_altar_drowned_temple, minivault_11,
          kennysheep_another_room, chequers_arboretum, grunt_decor_resistance
D:2:      minmay_door_path, layout_basic, uniq_jessica
D:3:      layout_loops_corners, ebering_ghost_reflecting_pool, minivault_5
D:4:      layout_cave_pools, grunt_decor_clamped
D:5:      layout_loops_corners
D:6:      layout_loops_ring, minmay_temple_entry_drinking_statues,
          serial_bayou_pond_b, amcnicky_mini_corridor_feature,
          minmay_manual_moon

Skill      XL: |  1  2  3  4  5  6  7  8 |
---------------+-------------------------+-----
Invocations    | 1 2 3 4 |  4.1
Short Blades   | 1 2 3 |  3.7
Long Blades    | 1 2 3 |  3.7
Axes           | 1 2 3 |  3.7
Maces & Flails | 1 2 3 |  3.7
Staves         | 1 2 3 |  3.7
Slings         | 1 2 3 |  3.7
Bows           | 1 2 3 |  3.7
Crossbows      | 1 2 3 |  3.7
Throwing       | 1 2 3 |  3.7
Armour         | 1 2 3 |  3.7
Dodging        | 1 2 3 |  3.7
Stealth        | 1 2 3 |  3.7
Shields        | 1 2 3 |  3.7
Unarmed Combat | 1 2 3 |  3.7
Evocations     | 1 2 3 |  3.7
Spellcasting   | 3 4 |  4.7
Conjurations   | 1 2 3 |  3.0
Hexes          | 1 2 3 |  3.0
Summonings     | 1 2 3 |  3.0
Necromancy     | 1 2 3 |  3.0
Translocations | 1 2 3 |  3.0
Transmutations | 1 2 3 |  3.0
Ice Magic      | 1 2 3 |  3.0
Air Magic      | 1 2 3 |  3.0
Earth Magic    | 1 2 3 |  3.0
Poison Magic   | 1 2 3 |  3.0
Fighting       | 7 |  7.6
Polearms       | 7 |  7.6
Fire Magic     | 6 |  6.3

Action                   |  1- 3 |  4- 6 |  7- 9 || total
-------------------------+-------+-------+-------++-------
Melee: Spear             |   121 |   195 |    70 ||   386
       Bite              |    10 |    25 |     3 ||    38
       Punch             |     1 |     2 |       ||     3
 Cast: Scorch            |     2 |    28 |    56 ||    86
       Call Canine Famil |       |       |     4 ||     4
 Stab: Sleeping          |     1 |     9 |       ||    10
Armor: Robe              |    15 |    28 |    24 ||    67
Dodge: Dodged            |    51 |    68 |    51 ||   170
